 Dungeon Crawl Stone Soup version 0.21.1-1-g345015fe64 (webtiles) character file.

56 Revguard the Covered (level 3, 0/49 HPs)
             Began as a Minotaur Fighter on June 28, 2018.
             Slain by Sigmund
             ... wielding a +1 scythe of freezing
              (2 damage)
             ... on level 2 of the Dungeon.
             The game lasted 00:04:49 (921 turns).

Revguard the Covered (Minotaur Fighter)              Turns: 921, Time: 00:04:50

Health: 0/49       AC:  8    Str: 26    XL:     3   Next: 71%
Magic:  2/2        EV: 10    Int:  5    God:
Gold:   122        SH: 10    Dex:  9    Spells: 2/2 levels left

rFire    . . .     SeeInvis .   a - +0 long sword
rCold    . . .     Gourm    .   c - +0 shield
rNeg     . . .     Faith    .   b - +0 scale mail
rPois    .         Spirit   .   (helmet restricted)
rElec    .         Reflect  .   j - +0 cloak
rCorr    .         Harm     .   (no gloves)
MR       .....                  (no boots)
Stlth    ..........             (no amulet)
HPRegen  0.16/turn              l - +3 ring of evasion
MPRegen  0.08/turn              (no ring)

@: berserking (expiring), very quick
A: retaliatory headbutt, horns 2
a: no special abilities


You were on level 2 of the Dungeon.
You were not hungry.

You visited 1 branch of the dungeon, and saw 2 of its levels.

You collected 122 gold pieces.

Inventory:

Hand Weapons
 a - a +0 long sword (weapon)
Armour
 b - a +0 scale mail (worn)
 c - a +0 shield (worn)
 j - a +0 cloak (worn)
Jewellery
 l - a +3 ring of evasion (left hand)
Scrolls
 g - a scroll of magic mapping {unknown}
 h - a scroll of identify {unknown}
 k - a scroll of random uselessness {unknown}
 m - a scroll of enchant weapon {unknown}
 n - 2 scrolls of remove curse {unknown}
Potions
 d - a potion of might
 i - a potion of curing {unknown}
Comestibles
 f - 3 rations


   Skills:
 + Level 4.1 Fighting
 + Level 3.3 Long Blades
 + Level 4.3 Armour
 + Level 0.1 Dodging
 + Level 4.1 Shields


You had 2 spell levels left.
You didn't know any spells.

Dungeon Overview and Level Annotations

Branches:
Dungeon (2/15)

Altars:

Annotations:
D:2 Sigmund


Innate Abilities, Weirdness & Mutations

You reflexively headbutt those who attack you in melee.
You have a pair of horns on your head.


Message History

You hit something. Your headbutt misses something.
You hit something but do no damage. Your headbutt misses something.
Something completely misses you.
You closely miss something. Something hits you but does no damage.
You miss something. Your headbutt misses something. You closely miss something.
Your headbutt misses something.
You hear some strange, mumbled words.
A puff of flame appears from out of thin air!
You block the puff of flame.
You miss something. You headbutt something! Something hits you.
* * * LOW HITPOINT WARNING * * *
Something freezes you.
* * * LOW HITPOINT WARNING * * *
Your shield and scale mail prevent you from hitting something.
You barely miss something. You headbutt something.
Something hits you but does no damage.
You closely miss something. Something hits you!
* * * LOW HITPOINT WARNING * * *
Something freezes you.
You die...

##.#####♣ ###..
##♣♣ .P##.# #..
♣..#..##.#
..###..#.#
.........####
######......######
####....P♣.......#
.......♣P♣♣P####@#
.....♣.P♣♣♣.# #{#
.....P.♣♣♣♣♣# #..
.......♣P♣♣.# ####
......P.P..##
......P....#
####.......#
...P##.#####
.P♣..#.#


There were no monsters in sight!

Vanquished Creatures
  A worker ant (D:2)
  A worm (D:2)
  2 dart slugs
  A ball python (D:1)
  3 bats
  A giant cockroach (D:2)
  4 goblins
  4 hobgoblins
  2 frilled lizards (D:1)
  3 kobolds
  4 rats
26 creatures vanquished.

Notes
Turn   | Place    | Note
-------+----------+-------------------------------------------
     0 | D:1      | Revguard the Minotaur Fighter began the quest for the Orb.
     0 | D:1      | Reached XP level 1. HP: 19/19 MP: 0/0
   176 | D:1      | Reached XP level 2. HP: 25/27 MP: 1/1
   747 | D:2      | Reached XP level 3. HP: 23/33 MP: 2/2
   902 | D:2      | Noticed Sigmund
   921 | D:2      | HP: 2/49 [something (7)]
   921 | D:2      | Slain by Sigmund

Skill      XL: |  1  2  3 |
---------------+----------+-----
Fighting       | 4 |  4.1
Armour         | 4 |  4.3
Shields        | 4 |  4.1
Long Blades    | 3 |  3.3
Dodging        | |  0.1

Action                   || total
-------------------------++-------
Melee: Long sword        ||    72
       Headbutt          ||     7
  Use: Potion            ||     1
Armor: Scale mail        ||    25
Dodge: Dodged            ||    28
Block: Shield            ||    34
       Rpst.: Long sword ||    12
